[Event "Turkish Cup 2024"]
[Site "Denizli"]
[Date "2024.08.01"]
[Round "4"]
[White "Yildiz, Serdar Murat"]
[Black "Hanci, Ilker"]
[Result "1-0"]
[ECO "B00"]
[WhiteElo "2182"]
[BlackElo "1743"]
[Annotator "RC"]
[PlyCount "65"]
[EventDate "2024.08.01"]
[EventType "swiss"]
[EventCountry "TUR"]
[SourceTitle "playchess.com"]
[Source "ChessBase"]
[SourceQuality "1"]
[TimeControl "5400+30"]

1. e4 Nc6 2. d4 e5 3. d5 Nce7 4. Nf3 Ng6 5. h4 h5 6. Bg5 Nf6 7. Nc3 Bc5 8. Nd2 a6 9. Nb3 Bb4 10. Be2 Nf4 11. Bxf4 exf4 12. e5 Ne4 13. Qd4 Nxc3 14. Qxb4 Nxd5 15. Qe4 Nb6 16. Qxf4 Qe7 17. O-O-O g6 18. g4 hxg4 19. Bxg4 Kf8 20. h5 g5 21. Qd4 Rh6 22. f4 d6 23. exd6 Qxd6 24. fxg5 Qxd4 25. Rxd4 Rd6 26. Bf3 Rxd4 27. Nxd4 c5 28. Nb3 Bf5 29. Bxb7 Ra7 30. Nxc5 Rxb7 31. Nxb7 Be4 32. Rh3 Bxb7 33. Rb3 1-0

[Event "Turkish Cup 2024"]
[Site "Denizli"]
[Date "2024.08.01"]
[Round "4"]
[White "Topuz, Mirac Melih"]
[Black "Herdem, Talha"]
[Result "1-0"]
[ECO "D00"]
[WhiteElo "2148"]
[BlackElo "1911"]
[Annotator "RC"]
[PlyCount "69"]
[EventDate "2024.08.01"]
[EventType "swiss"]
[EventCountry "TUR"]
[SourceTitle "playchess.com"]
[Source "ChessBase"]
[SourceQuality "1"]
[TimeControl "5400+30"]

1. a3 d5 2. d4 Nf6 3. Nf3 e6 4. e3 c5 5. dxc5 Bxc5 6. b4 Bd6 7. Bb2 a5 8. b5 O-O 9. c4 Nbd7 10. Nbd2 Nc5 11. Be2 Qe7 12. O-O Rd8 13. Qc2 Bd7 14. Rfd1 Rac8 15. Rac1 a4 16. Qb1 Be8 17. Qa1 dxc4 18. Rxc4 h5 19. Rh4 Nb3 20. Nxb3 axb3 21. Nd4 Be5 22. a4 Nd5 23. Rxh5 f5 24. Rh3 Bf6 25. Rg3 Kf8 26. e4 Nb4 27. Ba3 Rxd4 28. Rxd4 Rd8 29. Bxb4 Qxb4 30. Rxb4 Bxa1 31. Rgxb3 Rd2 32. Kf1 e5 33. exf5 Bf7 34. Rd3 Ra2 35. g4 1-0

[Event "Turkish Cup 2024"]
[Site "Denizli"]
[Date "2024.08.01"]
[Round "4"]
[White "Metin, Enis"]
[Black "Uysal, Ilyas"]
[Result "1-0"]
[ECO "A48"]
[WhiteElo "2142"]
[BlackElo "1849"]
[Annotator "RC"]
[PlyCount "87"]
[EventDate "2024.08.01"]
[EventType "swiss"]
[EventCountry "TUR"]
[SourceTitle "playchess.com"]
[Source "ChessBase"]
[SourceQuality "1"]
[TimeControl "5400+30"]

1. d4 Nf6 2. Bf4 c5 3. e3 cxd4 4. exd4 g6 5. c3 Bg7 6. Nf3 d6 7. Be2 O-O 8. O-O Qb6 9. Nbd2 Bf5 10. Nc4 Qc7 11. Ne3 Bc8 12. c4 Qd8 13. h3 b6 14. Bh2 Nc6 15. d5 Nb8 16. Nd4 Bb7 17. Bf3 Qc7 18. Rc1 a5 19. b3 Nfd7 20. Re1 Nf6 21. Qd2 Qd7 22. a3 Re8 23. Nec2 Qc8 24. Nb5 Na6 25. Ncd4 Nb8 26. Bxd6 Qd7 27. Bc7 a4 28. b4 Na6 29. Bxb6 e5 30. dxe6 Rxe6 31. Rxe6 fxe6 32. Qe2 e5 33. Qxe5 Ne4 34. Qe6+ Qxe6 35. Nxe6 Re8 36. Nxg7 Kxg7 37. c5 Nb8 38. Bxe4 Rxe4 39. Nd6 Re7 40. Bd8 Rd7 41. Nxb7 Rxb7 42. c6 Nxc6 43. Rxc6 Rd7 44. Rc7 1-0

[Event "Turkish Cup 2024"]
[Site "Denizli"]
[Date "2024.08.01"]
[Round "4"]
[White "Baylav, Can"]
[Black "Sozat, Arda"]
[Result "1/2-1/2"]
[ECO "B41"]
[WhiteElo "2086"]
[BlackElo "1836"]
[Annotator "ChessBase"]
[PlyCount "45"]
[EventDate "2024.08.01"]
[EventType "swiss"]
[EventCountry "TUR"]
[SourceTitle "playchess.com"]
[Source "ChessBase"]
[SourceQuality "1"]
[TimeControl "5400+30"]

1. e4 c5 2. Nf3 a6 3. c4 e6 4. d4 cxd4 5. Nxd4 Nf6 6. Nc3 Bb4 7. Qd3 d5 8. exd5 exd5 9. Be2 O-O 10. O-O Nc6 11. Nxc6 bxc6 12. Bf3 Be6 13. cxd5 Nxd5 14. Ne2 Nc3 15. Qxd8 Nxe2+ 16. Bxe2 Rfxd8 17. a3 Be7 18. Bf3 Rac8 19. a4 Bd5 20. Be2 a5 21. Bf4 Bf6 22. Bg4 Ra8 23. Rfb1 1/2-1/2

[Event "Turkish Cup 2024"]
[Site "Denizli"]
[Date "2024.08.01"]
[Round "4"]
[White "Yilmaz, Turhan"]
[Black "Yogurtcuoglu, Cagan"]
[Result "1/2-1/2"]
[ECO "B23"]
[WhiteElo "2015"]
[BlackElo "1713"]
[Annotator "RC"]
[PlyCount "112"]
[EventDate "2024.08.01"]
[EventType "swiss"]
[EventCountry "TUR"]
[SourceTitle "playchess.com"]
[Source "ChessBase"]
[SourceQuality "1"]
[TimeControl "5400+30"]

1. e4 c5 2. Nc3 Nc6 3. d3 d6 4. Be3 Nf6 5. h3 e6 6. Nge2 Be7 7. g4 d5 8. exd5 Nxd5 9. Bd2 O-O 10. Bg2 Qd7 11. Nxd5 exd5 12. Nc3 d4 13. Ne4 f5 14. gxf5 Qxf5 15. Qe2 Be6 16. O-O-O Bd5 17. f4 Rae8 18. Rde1 Bd6 19. Qg4 Bxe4 20. Bxe4 Qf7 21. b3 Bxf4 22. Bxf4 Qxf4+ 23. Qxf4 Rxf4 24. Bxh7+ Kf8 25. Be4 Rf6 26. h4 Nd8 27. Reg1 b6 28. Rh2 Re5 29. Rg5 Nf7 30. Rg1 Nd6 31. Bg6 Rfe6 32. Rf2+ Ke7 33. Kd2 Rf6 34. Rfg2 a5 35. Bh7 Ne8 36. Bg6 Nd6 37. a4 Rf4 38. h5 Rf6 39. Kc1 Kd7 40. Bh7 Rxh5 41. Rxg7+ Rf7 42. Rxf7+ Nxf7 43. Rg7 Rh1+ 44. Kb2 Rf1 45. Be4 Ke6 46. Rg6+ Rf6 47. Bd5+ Ke7 48. Rg7 Kf8 49. Rh7 Nd6 50. Rc7 Ke8 51. Rc6 Kd7 52. Kc1 Ne8 53. Rxf6 Nxf6 54. Ba8 Ke6 55. Kb2 Ne8 56. Bc6 Nd6 1/2-1/2

[Event "Turkish Cup 2024"]
[Site "Denizli"]
[Date "2024.08.01"]
[Round "4"]
[White "Akkara, Omer"]
[Black "Ilgaz, Yusuf Kerem"]
[Result "1/2-1/2"]
[ECO "C47"]
[WhiteElo "1998"]
[BlackElo "2006"]
[Annotator "RC"]
[PlyCount "72"]
[EventDate "2024.08.01"]
[EventType "swiss"]
[EventCountry "TUR"]
[SourceTitle "playchess.com"]
[Source "ChessBase"]
[SourceQuality "1"]
[TimeControl "5400+30"]

1. e4 e5 2. Nf3 Nc6 3. Nc3 Nf6 4. a3 g6 5. d4 exd4 6. Nxd4 Bg7 7. Nde2 O-O 8. g3 d6 9. Bg2 Rb8 10. O-O b5 11. h3 a5 12. Be3 b4 13. axb4 axb4 14. Nd5 Nxd5 15. exd5 Ne7 16. Bd4 Bxd4 17. Qxd4 Nf5 18. Qf4 Re8 19. Rfe1 Bd7 20. Nd4 Rxe1+ 21. Rxe1 Qf6 22. Nxf5 Qxf5 23. Qxf5 Bxf5 24. Re7 Rc8 25. Re2 h5 26. f3 g5 27. g4 Bg6 28. gxh5 Bxh5 29. Re4 Rb8 30. Rc4 Rb7 31. Kf2 Bg6 32. b3 Kg7 33. Ke3 Ra7 34. f4 gxf4+ 35. Kxf4 Kf6 36. Be4 Rb7 1/2-1/2

[Event "Turkish Cup 2024"]
[Site "Denizli"]
[Date "2024.08.01"]
[Round "4"]
[White "Celebi, Mehmet Alper"]
[Black "Celik, Ege Yigit"]
[Result "1/2-1/2"]
[ECO "B31"]
[WhiteElo "1998"]
[BlackElo "1949"]
[Annotator "RC"]
[PlyCount "37"]
[EventDate "2024.08.01"]
[EventType "swiss"]
[EventCountry "TUR"]
[SourceTitle "playchess.com"]
[Source "ChessBase"]
[SourceQuality "1"]
[TimeControl "5400+30"]

1. e4 c5 2. Nc3 Nc6 3. Bb5 Nf6 4. Nf3 g6 5. Bxc6 bxc6 6. d3 Bg7 7. O-O O-O 8. Rb1 d6 9. b3 Bg4 10. h3 Bxf3 11. Qxf3 Nd7 12. Bb2 Qa5 13. Nd1 Bxb2 14. Rxb2 Qa3 15. Qe3 a5 16. Rb1 a4 17. Nb2 axb3 18. axb3 Qb4 19. Na4 1/2-1/2

[Event "Turkish Cup 2024"]
[Site "Denizli"]
[Date "2024.08.01"]
[Round "4"]
[White "Akbas, Kaan"]
[Black "Zor, Emir Aras"]
[Result "1-0"]
[ECO "D02"]
[WhiteElo "1990"]
[BlackElo "1734"]
[Annotator "RC"]
[PlyCount "59"]
[EventDate "2024.08.01"]
[EventType "swiss"]
[EventCountry "TUR"]
[SourceTitle "playchess.com"]
[Source "ChessBase"]
[SourceQuality "1"]
[TimeControl "5400+30"]

1. Nf3 d5 2. g3 c5 3. Bg2 Nc6 4. d4 Nf6 5. O-O Bf5 6. c4 e6 7. Nc3 dxc4 8. Ne5 Rc8 9. Qa4 Qb6 10. e4 cxd4 11. exf5 dxc3 12. fxe6 Bc5 13. Bxc6+ bxc6 14. exf7+ Kf8 15. bxc3 Qb5 16. Ba3 g6 17. Qxa7 Bxa3 18. Qxa3+ Kg7 19. Rfe1 Ra8 20. Qe7 Rhf8 21. Rab1 Qa6 22. Rb7 Qxa2 23. Nxc6 Qd2 24. Nd4 Ng4 25. Re2 Qh6 26. h4 Kh8 27. Ne6 Rfc8 28. Qd6 Nf6 29. Nd8 Rxd8 30. Qxf6+ 1-0

[Event "Turkish Cup 2024"]
[Site "Denizli"]
[Date "2024.08.01"]
[Round "4"]
[White "Cakir, Mert"]
[Black "Kocakaplan, Emre"]
[Result "0-1"]
[ECO "C54"]
[WhiteElo "1990"]
[BlackElo "1926"]
[Annotator "RC"]
[PlyCount "138"]
[EventDate "2024.08.01"]
[EventType "swiss"]
[EventCountry "TUR"]
[SourceTitle "playchess.com"]
[Source "ChessBase"]
[SourceQuality "1"]
[TimeControl "5400+30"]

1. e4 e5 2. Nf3 Nc6 3. Bc4 Bc5 4. c3 Nf6 5. d3 d6 6. Nbd2 a5 7. a4 O-O 8. O-O h6 9. h3 Be6 10. Bb5 Qb8 11. Re1 Qa7 12. Qe2 Ne7 13. Bc4 Ng6 14. Nf1 Bxc4 15. dxc4 Rae8 16. Ng3 Nf4 17. Qc2 Re6 18. Be3 Bxe3 19. Rxe3 Nd7 20. Ne2 Qa6 21. b3 Nxe2+ 22. Qxe2 Qb6 23. Rb1 Nc5 24. Rb2 Rf6 25. Nh4 Kh7 26. Kh2 Qc6 27. Nf5 Qd7 28. Rg3 Rg8 29. f3 Rxf5 30. exf5 Qxf5 31. Qd1 Qf4 32. b4 axb4 33. cxb4 Ne6 34. Qc2+ g6 35. Qe4 h5 36. h4 f5 37. Qd5 Qxh4+ 38. Rh3 Qf6 39. Qxb7 e4 40. Ra2 e3 41. a5 Qe5+ 42. f4 Nxf4 43. Qf3 e2 44. Rxe2 Nxe2+ 45. g3 Nd4 46. Qf2 Qe4 47. g4 Qe5+ 48. Kh1 Re8 49. gxh5 Qe1+ 50. Qxe1 Rxe1+ 51. Kg2 g5 52. Ra3 Nc2 53. Ra4 Re8 54. b5 f4 55. a6 Nd4 56. c5 Nxb5 57. Rb4 c6 58. cxd6 Nxd6 59. Rb6 Nf5 60. Rxc6 Re2+ 61. Kh3 f3 62. Rf6 Ne3 63. h6 g4+ 64. Kh4 Ra2 65. Kg3 Rg2+ 66. Kh4 Ra2 67. Kg3 Ra3 68. Kh4 Ra5 69. Kg3 Nf5+ 0-1

[Event "Turkish Cup 2024"]
[Site "Denizli"]
[Date "2024.08.01"]
[Round "4"]
[White "Dargali, Hakan"]
[Black "Torun, Selin"]
[Result "1/2-1/2"]
[ECO "C02"]
[WhiteElo "1973"]
[BlackElo "1843"]
[Annotator "RC"]
[PlyCount "85"]
[EventDate "2024.08.01"]
[EventType "swiss"]
[EventCountry "TUR"]
[SourceTitle "playchess.com"]
[Source "ChessBase"]
[SourceQuality "1"]
[TimeControl "5400+30"]

1. e4 e6 2. d4 d5 3. e5 c5 4. c3 Nc6 5. Nf3 Nge7 6. Na3 cxd4 7. cxd4 Nf5 8. Nc2 Bd7 9. Bd3 Qb6 10. O-O a5 11. Be3 Be7 12. g4 Nxe3 13. fxe3 f6 14. exf6 gxf6 15. g5 O-O-O 16. gxf6 Bxf6 17. b4 a4 18. b5 Ne7 19. Qd2 Ng6 20. Nb4 Kb8 21. Nc6+ Bxc6 22. bxc6 Qxc6 23. Rab1 Qd6 24. Qa5 Rd7 25. Rb6 Qa3 26. Qb5 Rg7 27. Kh1 Bd8 28. Ra6 Rf8 29. Bxg6 hxg6 30. Rxe6 Qxa2 31. Re8 Rgf7 32. Rxf8 Rxf8 33. Rb1 b6 34. Ne5 Rf2 35. Nc6+ Kc8 36. Qa6+ Kd7 37. Ne5+ Kd6 38. Rxb6+ Bxb6 39. Qxb6+ Ke7 40. Nxg6+ Kd7 41. Ne5+ Ke8 42. Qe6+ Kf8 43. Qh6+ 1/2-1/2

[Event "Turkish Cup 2024"]
[Site "Denizli"]
[Date "2024.08.01"]
[Round "4"]
[White "Yardimci, Can"]
[Black "Arslan, Levent"]
[Result "1-0"]
[ECO "C56"]
[WhiteElo "1930"]
[BlackElo "1778"]
[Annotator "ChessBase"]
[PlyCount "105"]
[EventDate "2024.08.01"]
[EventType "swiss"]
[EventCountry "TUR"]
[SourceTitle "playchess.com"]
[Source "ChessBase"]
[SourceQuality "1"]
[TimeControl "5400+30"]

1. e4 e5 2. Nf3 Nc6 3. d4 exd4 4. Bc4 Nf6 5. e5 d5 6. Bb5 Ne4 7. Nxd4 Bd7 8. Bxc6 bxc6 9. O-O Bc5 10. f3 Ng5 11. f4 Ne4 12. Be3 Bb6 13. Nd2 Nxd2 14. Qxd2 c5 15. Nf3 d4 16. Bf2 Bc6 17. Bh4 Qd5 18. f5 Kd7 19. c4 Qxc4 20. e6+ Kc8 21. Ne5 Qd5 22. Nxc6 Qxc6 23. exf7 Kb7 24. Be7 Rhf8 25. Bxf8 Rxf8 26. b3 Rxf7 27. Qd3 Ba5 28. Rac1 Re7 29. Rf3 Bb4 30. Rcf1 Qa6 31. Qxa6+ Kxa6 32. Kf2 Kb5 33. a4+ Kc6 34. g4 Bd2 35. h4 h6 36. f6 gxf6 37. Rxf6+ Kd5 38. Rd1 Be3+ 39. Kf3 Re8 40. Rf5+ Kd6 41. g5 hxg5 42. hxg5 Rb8 43. Rd3 Rh8 44. Rd1 Rh2 45. g6 Rf2+ 46. Ke4 Rg2 47. Rf6+ Ke7 48. Rdf1 Rg4+ 49. Kd5 Bh6 50. Re6+ Kd8 51. Rh1 d3 52. Rxh6 d2 53. Kc6 1-0

[Event "Turkish Cup 2024"]
[Site "Denizli"]
[Date "2024.08.01"]
[Round "4"]
[White "Tirpan, Ceren"]
[Black "Nazli, Sertan"]
[Result "1-0"]
[ECO "A29"]
[WhiteElo "1926"]
[BlackElo "1861"]
[Annotator "ChessBase"]
[PlyCount "137"]
[EventDate "2024.08.01"]
[EventType "swiss"]
[EventCountry "TUR"]
[SourceTitle "playchess.com"]
[Source "ChessBase"]
[SourceQuality "1"]
[TimeControl "5400+30"]

1. c4 e5 2. Nc3 Nf6 3. Nf3 Nc6 4. g3 d5 5. cxd5 Nxd5 6. Bg2 Nf6 7. O-O h6 8. d3 Bd6 9. b3 O-O 10. Bb2 Bg4 11. Rc1 Qd7 12. Ne4 Nxe4 13. dxe4 Qe7 14. Qc2 Ba3 15. e3 Rfd8 16. Nh4 Bxb2 17. Qxb2 Nb4 18. Rc3 Rd7 19. a3 Nc6 20. Nf5 Qf8 21. h3 Bh5 22. g4 Bg6 23. Qc1 a5 24. Bf3 Rad8 25. Rd1 Rxd1+ 26. Bxd1 Bxf5 27. exf5 Rd6 28. Bf3 Qd8 29. Kg2 h5 30. Rc4 hxg4 31. Rxg4 Ne7 32. Qc3 Nxf5 33. Qxe5 Nh4+ 34. Kg3 Rg6 35. Be4 Rxg4+ 36. hxg4 b6 37. Qd4 Qe7 38. Qd5 g5 39. f4 gxf4+ 40. exf4 Kg7 41. g5 Ng6 42. Kg4 Nf8 43. Bd3 Qe3 44. Qe5+ Qxe5 45. fxe5 Ne6 46. Be4 Nc5 47. Bd5 Kg6 48. b4 axb4 49. axb4 Na6 50. b5 Nc5 51. Ba2 Na4 52. Bb1+ Kg7 53. Kf5 Nc3 54. Bd3 Nd5 55. e6 fxe6+ 56. Ke5 Kf8 57. Bc4 Ne7 58. Kf6 c6 59. bxc6 Nxc6 60. g6 Ne7 61. g7+ Kg8 62. Bxe6+ Kh7 63. Kf7 b5 64. Bf5+ Kh6 65. Bd3 b4 66. Bc2 b3 67. Bxb3 Kh7 68. Bc2+ Kh6 69. Bb1 1-0

[Event "Turkish Cup 2024"]
[Site "Denizli"]
[Date "2024.08.01"]
[Round "4"]
[White "Demirag, Batuhan"]
[Black "Koseoglu, Omer Umut"]
[Result "1/2-1/2"]
[ECO "A09"]
[WhiteElo "1912"]
[BlackElo "1841"]
[Annotator "ChessBase"]
[PlyCount "53"]
[EventDate "2024.08.01"]
[EventType "swiss"]
[EventCountry "TUR"]
[SourceTitle "playchess.com"]
[Source "ChessBase"]
[SourceQuality "1"]
[TimeControl "5400+30"]

1. Nf3 d5 2. c4 d4 3. b4 g5 4. Nxg5 e5 5. h4 h6 6. Nh3 Qxh4 7. Qb3 Ne7 8. g3 Qe4 9. Rh2 Qg6 10. Bg2 Bg7 11. d3 c6 12. Nd2 f5 13. Bb2 Nd7 14. O-O-O Nf6 15. Rhh1 Be6 16. Kb1 O-O 17. Rdg1 Ng4 18. Nf1 b5 19. f3 bxc4 20. dxc4 f4+ 21. Ka1 Ne3 22. Nxe3 fxe3 23. f4 Qf7 24. Qc2 Bf5 25. Qb3 Be6 26. Qc2 Bf5 27. Qb3 1/2-1/2

[Event "Turkish Cup 2024"]
[Site "Denizli"]
[Date "2024.08.01"]
[Round "4"]
[White "Dirikolu, Deniz"]
[Black "Saltik, Suleyman"]
[Result "1-0"]
[ECO "B90"]
[WhiteElo "1911"]
[BlackElo "1776"]
[Annotator "ChessBase"]
[PlyCount "45"]
[EventDate "2024.08.01"]
[EventType "swiss"]
[EventCountry "TUR"]
[SourceTitle "playchess.com"]
[Source "ChessBase"]
[SourceQuality "1"]
[TimeControl "5400+30"]

1. e4 c5 2. Nf3 d6 3. d4 cxd4 4. Nxd4 Nf6 5. Nc3 a6 6. Rg1 e5 7. Nb3 Be6 8. g4 d5 9. exd5 Nxd5 10. Nxd5 Qxd5 11. Qxd5 Bxd5 12. Be3 Nc6 13. O-O-O O-O-O 14. Bb6 Rd7 15. g5 Bxb3 16. axb3 Rxd1+ 17. Kxd1 Be7 18. Bc4 Rf8 19. c3 Bd8 20. Be3 Kc7 21. Kc2 f6 22. g6 h5 23. Bh6 1-0

[Event "Turkish Cup 2024"]
[Site "Denizli"]
[Date "2024.08.01"]
[Round "4"]
[White "Demirci, Fatih"]
[Black "Sahin, Ata Sarp"]
[Result "0-1"]
[ECO "B51"]
[WhiteElo "1885"]
[BlackElo "1996"]
[Annotator "RC"]
[PlyCount "64"]
[EventDate "2024.08.01"]
[EventType "swiss"]
[EventCountry "TUR"]
[SourceTitle "playchess.com"]
[Source "ChessBase"]
[SourceQuality "1"]
[TimeControl "5400+30"]

1. e4 c5 2. Nf3 d6 3. Bb5+ Nd7 4. a4 Ngf6 5. Nc3 g6 6. a5 Bg7 7. a6 O-O 8. O-O Qb6 9. axb7 Bxb7 10. d3 a6 11. Ba4 Rfd8 12. Bb3 e6 13. Bg5 h6 14. Bh4 g5 15. Bg3 Nh5 16. Nd2 Nxg3 17. Nc4 Qc7 18. hxg3 Ne5 19. Na5 Nc6 20. Nxb7 Qxb7 21. Ne2 d5 22. exd5 exd5 23. Qb1 Nd4 24. Nxd4 Bxd4 25. Ra4 Rd6 26. Qa2 Rb8 27. Qa3 Rf6 28. Qa2 c4 29. dxc4 Bxf2+ 30. Kh1 Qc7 31. cxd5 Qxg3 32. d6 Bd4 0-1

[Event "Turkish Cup 2024"]
[Site "Denizli"]
[Date "2024.08.01"]
[Round "4"]
[White "Karadag, Eflatun Cem"]
[Black "Bulgurlu, Okan"]
[Result "0-1"]
[ECO "D04"]
[WhiteElo "1883"]
[BlackElo "1964"]
[Annotator "RC"]
[PlyCount "112"]
[EventDate "2024.08.01"]
[EventType "swiss"]
[EventCountry "TUR"]
[SourceTitle "playchess.com"]
[Source "ChessBase"]
[SourceQuality "1"]
[TimeControl "5400+30"]

1. d4 d5 2. Nf3 Nf6 3. e3 Bf5 4. Bd3 e6 5. O-O Nbd7 6. Qe2 Ne4 7. Nbd2 g5 8. Ne1 g4 9. c4 c6 10. cxd5 cxd5 11. Bb5 Bd6 12. Nxe4 dxe4 13. b3 a6 14. Bxd7+ Kxd7 15. Nc2 Rc8 16. Bb2 Bxh2+ 17. Kxh2 Qc7+ 18. Kg1 Qxc2 19. Rfe1 g3 20. fxg3 Rhg8 21. Rac1 Qxe2 22. Rxe2 Rxc1+ 23. Bxc1 Rxg3 24. Kf2 Rg5 25. Rc2 b6 26. a4 Bg4 27. Ke1 Rh5 28. Ba3 Rh1+ 29. Kf2 Rb1 30. Rb2 Rxb2+ 31. Bxb2 Bd1 32. a5 bxa5 33. Bc3 Bxb3 34. Bxa5 Kc6 35. Bd8 Kb5 36. Ke1 a5 37. Kd2 a4 38. Kc3 Bc4 39. Be7 h5 40. g3 Bb3 41. Bf8 Kc6 42. Be7 Kd7 43. Bf6 Ke8 44. Kb4 Kf8 45. Bd8 Kg7 46. Be7 Kg6 47. Kc3 Kf5 48. Bd6 Kg4 49. Bf4 Kf3 50. Kb4 f6 51. Kc3 Bd5 52. Kb4 e5 53. dxe5 fxe5 54. Bxe5 Kxe3 55. Kc3 a3 56. Kc2 Ke2 0-1

[Event "Turkish Cup 2024"]
[Site "Denizli"]
[Date "2024.08.01"]
[Round "4"]
[White "Kayan, Veli"]
[Black "Sarbak, Omer"]
[Result "0-1"]
[ECO "B34"]
[WhiteElo "1881"]
[BlackElo "1771"]
[Annotator "NA"]
[PlyCount "58"]
[EventDate "2024.08.01"]
[EventType "swiss"]
[EventCountry "TUR"]
[SourceTitle "playchess.com"]
[Source "ChessBase"]
[SourceQuality "1"]
[TimeControl "5400+30"]

1. e4 c5 2. Nf3 Nc6 3. d4 cxd4 4. Nxd4 g6 5. Nc3 Bg7 6. Be3 Nf6 7. Nxc6 bxc6 8. e5 Ng8 9. Bd4 Qc7 10. f4 Nh6 11. Bd3 O-O 12. Qe2 d6 13. h3 Be6 14. exd6 exd6 15. Bxg7 Kxg7 16. O-O-O Rab8 17. g4 Qa5 18. Bc4 Qb4 19. Bxe6 fxe6 20. Qxe6 Qxb2+ 21. Kd2 Rxf4 22. Qe3 Rbb4 23. Qxa7+ Nf7 24. Ne2 Rfc4 25. Rc1 Ra4 26. Qe7 Re4 27. Qxe4 Rxe4 28. Rb1 Qe5 29. Nc3 Qd4+ 0-1

[Event "Turkish Cup 2024"]
[Site "Denizli"]
[Date "2024.08.01"]
[Round "4"]
[White "Acar, Kaan"]
[Black "Ozdemir, Serhan Berat"]
[Result "0-1"]
[ECO "A59"]
[WhiteElo "1863"]
[BlackElo "2194"]
[Annotator "RC"]
[PlyCount "106"]
[EventDate "2024.08.01"]
[EventType "swiss"]
[EventCountry "TUR"]
[SourceTitle "playchess.com"]
[Source "ChessBase"]
[SourceQuality "1"]
[TimeControl "5400+30"]

1. d4 Nf6 2. c4 c5 3. d5 b5 4. cxb5 a6 5. bxa6 Bxa6 6. Nc3 d6 7. e4 Bxf1 8. Kxf1 g6 9. g3 Bg7 10. Kg2 O-O 11. f4 Na6 12. Nf3 Nd7 13. Re1 Nc7 14. Qc2 Ra6 15. b3 Qa8 16. Bb2 Rb8 17. Rad1 Nb6 18. a3 Qb7 19. Nd2 e6 20. dxe6 Nxe6 21. Ne2 Bxb2 22. Qxb2 Rba8 23. Qf6 d5 24. f5 Ng7 25. Qh4 d4 26. Kg1 Nd7 27. Nf4 Re8 28. Nd5 Nh5 29. g4 Nhf6 30. Nxf6+ Nxf6 31. e5 Nd5 32. f6 Nf4 33. Re4 Ne6 34. g5 h5 35. gxh6 Kh7 36. Qg4 Rxa3 37. Nc4 Qxb3 38. Nxa3 Qxa3 39. h4 c4 40. Ree1 Qc5 41. Qe4 d3+ 42. Kh1 Kxh6 43. Rg1 Qd4 44. Qf3 Rd8 45. Rg4 Qc5 46. h5 g5 47. Qb7 Nc7 48. Qe4 Qd5 49. Qxd5 Nxd5 50. Rxc4 Ne3 51. Rcc1 d2 52. Rc8 Rxc8 53. Rxd2 Rc1+ 0-1

[Event "Turkish Cup 2024"]
[Site "Denizli"]
[Date "2024.08.01"]
[Round "4"]
[White "Maras, Huseyin Kayra"]
[Black "Yildiz, Talat"]
[Result "1/2-1/2"]
[ECO "B36"]
[WhiteElo "1860"]
[BlackElo "1956"]
[Annotator "RC"]
[PlyCount "76"]
[EventDate "2024.08.01"]
[EventType "swiss"]
[EventCountry "TUR"]
[SourceTitle "playchess.com"]
[Source "ChessBase"]
[SourceQuality "1"]
[TimeControl "5400+30"]

1. e4 c5 2. Nf3 Nc6 3. d4 cxd4 4. Nxd4 g6 5. c4 Nf6 6. Nc3 Nxd4 7. Qxd4 d6 8. Be3 Bg7 9. f3 O-O 10. Qd2 a5 11. Na4 Nd7 12. Rd1 Qc7 13. Nc3 a4 14. Nd5 Qd8 15. Bd4 Bxd4 16. Qxd4 Nc5 17. Be2 Be6 18. h4 Bxd5 19. exd5 Qa5+ 20. Qd2 Rfc8 21. Kf2 Qxd2 22. Rxd2 Nd7 23. Rd4 b5 24. h5 bxc4 25. hxg6 hxg6 26. Rxc4 Rxc4 27. Bxc4 Nb6 28. b3 Nxc4 29. bxc4 Rb8 30. Re1 Kf8 31. Ke3 e5 32. dxe6 fxe6 33. Kd3 Ke7 34. Kc3 a3 35. Re2 Kd7 36. Rc2 Kc6 37. Kd3 Kc5 38. Rc3 Rb2 1/2-1/2

[Event "Turkish Cup 2024"]
[Site "Denizli"]
[Date "2024.08.01"]
[Round "4"]
[White "Kurdas, Halil Ibrahim"]
[Black "Madsman, Berk"]
[Result "1/2-1/2"]
[ECO "E08"]
[WhiteElo "1855"]
[BlackElo "1797"]
[Annotator "NA"]
[PlyCount "80"]
[EventDate "2024.08.01"]
[EventType "swiss"]
[EventCountry "TUR"]
[SourceTitle "playchess.com"]
[Source "ChessBase"]
[SourceQuality "1"]
[TimeControl "5400+30"]

1. d4 d5 2. c4 e6 3. Nf3 Nf6 4. g3 Be7 5. Bg2 O-O 6. O-O Nbd7 7. Qc2 c6 8. Nbd2 b6 9. e4 dxe4 10. Nxe4 Nxe4 11. Qxe4 Ba6 12. b3 Rc8 13. Rd1 Nf6 14. Qc2 Bb7 15. Qe2 Qc7 16. Bf4 Bd6 17. Ne5 Nd7 18. Qh5 Nxe5 19. dxe5 Be7 20. Be4 g6 21. Qf3 Ba8 22. h4 c5 23. Rd3 Bxe4 24. Qxe4 Rfd8 25. Rad1 Rxd3 26. Rxd3 Rd8 27. Rxd8+ Bxd8 28. Bh6 Qc8 29. g4 Be7 30. h5 g5 31. Kf1 Qd8 32. Ke2 a6 33. Qb7 Qd4 34. Qxe7 Qe4+ 35. Kd2 Qd4+ 36. Kc2 Qxf2+ 37. Kb1 Qe1+ 38. Kc2 Qe2+ 39. Kc1 Qe1+ 40. Kb2 Qd2+ 1/2-1/2

[Event "Turkish Cup 2024"]
[Site "Denizli"]
[Date "2024.08.01"]
[Round "4"]
[White "Tektas, Onur Efe"]
[Black "Cevizci, Yusuf Baran"]
[Result "1/2-1/2"]
[ECO "B10"]
[WhiteElo "1851"]
[BlackElo "2102"]
[Annotator "ChessBase"]
[PlyCount "40"]
[EventDate "2024.08.01"]
[EventType "swiss"]
[EventCountry "TUR"]
[SourceTitle "playchess.com"]
[Source "ChessBase"]
[SourceQuality "1"]
[TimeControl "5400+30"]

1. e4 c6 2. Nf3 d5 3. exd5 cxd5 4. Ne5 Nd7 5. d4 Ngf6 6. Bd3 g6 7. O-O Bg7 8. Qe2 O-O 9. Nd2 Re8 10. f4 Qb6 11. c3 Nh5 12. Ndf3 Nf8 13. g4 Bxe5 14. Nxe5 Ng7 15. h3 a6 16. Qf3 e6 17. g5 Nd7 18. b3 Qd8 19. h4 Nh5 20. Kg2 b5 1/2-1/2

[Event "Turkish Cup 2024"]
[Site "Denizli"]
[Date "2024.08.01"]
[Round "4"]
[White "Alagoz, Mahmut"]
[Black "Hatirli, Ugur Can"]
[Result "0-1"]
[ECO "D18"]
[WhiteElo "1843"]
[BlackElo "1948"]
[Annotator "RC"]
[PlyCount "106"]
[EventDate "2024.08.01"]
[EventType "swiss"]
[EventCountry "TUR"]
[SourceTitle "playchess.com"]
[Source "ChessBase"]
[SourceQuality "1"]
[TimeControl "5400+30"]

1. d4 Nf6 2. Nf3 d5 3. c4 c6 4. Nc3 dxc4 5. a4 Bf5 6. e3 e6 7. Bxc4 Bb4 8. Bd2 a5 9. O-O Nbd7 10. h3 h6 11. Re1 Bh7 12. Ne2 Bd6 13. Bc3 Ne4 14. Bd3 Ndf6 15. Ne5 Nxc3 16. Nxc3 Bxe5 17. Bxh7 Bxd4 18. exd4 Nxh7 19. d5 cxd5 20. Qxd5 Qxd5 21. Nxd5 O-O 22. Nb6 Ra6 23. Nc4 Nf6 24. Re5 Nd5 25. f4 Rc8 26. b3 g6 27. Rae1 Rb8 28. g4 Nxf4 29. Rxa5 Rxa5 30. Nxa5 Nxh3+ 31. Kh2 Nf4 32. Rc1 Nd5 33. Rc5 b6 34. Rb5 Ra8 35. Nc4 Ra6 36. a5 bxa5 37. Rxa5 Rxa5 38. Nxa5 f5 39. Kg3 Kf7 40. Nc6 Kf6 41. b4 e5 42. b5 e4 43. gxf5 gxf5 44. Na5 f4+ 45. Kf2 Nb6 46. Nb3 h5 47. Nd4 h4 48. Kg2 Kg5 49. Kh3 f3 50. Nc2 Nd5 51. Kh2 Kf4 52. Kg1 e3 53. Kf1 h3 0-1